 Dungeon Crawl Stone Soup version 0.27.1-15-g792fb953b9 (webtiles) character file.

Game seed: 15969296533717462252

7291 CrazyMind the Carver (level 11, -5/79 HPs)
             Began as a Djinni Gladiator on Nov 20, 2021.
             Was a Follower of Okawaru.
             Slain by a two-headed ogre (15 damage)
             ... on level 9 of the Dungeon.
             The game lasted 01:02:34 (9065 turns).

CrazyMind the Carver (Djinni Gladiator)             Turns: 9065, Time: 01:02:34

Health: -5/79      AC: 14    Str: 16    XL:     11   Next: 34%
Gold:   1347       EV: 14    Int:  9    God:    Okawaru [*.....] SH:  0 Dex: 16

rFire    + + +     SeeInvis .   a - +0 long sword
rCold    x . .     Faith    .   (no shield)
rNeg     + + .     Spirit   .   q - +2 ring mail {rF+}
rPois    ∞         Reflect  .   x - +3 helmet of Dejeoc {rN+}
rElec    .         Harm     .   E - +0 cloak
rCorr    .         Rampage  .   (no gloves)
Will     +....                  (boots unavailable)
Stlth    +.........             i - amulet of regeneration
HPRegen  1.23/turn              h - ring of positive energy
MPRegen  0.00/turn              (no ring)

@: flying
A: sickness immunity, fire resistance 2, cold vulnerability 1, float, innate
caster, hp casting, extra vitality 1
a: Renounce Religion, Heroism


You were on level 9 of the Dungeon.
You worshipped Okawaru.
Okawaru was aware of your devotion.
You visited 2 branches of the dungeon, and saw 10 of its levels.
You also visited: Sewer.

You collected 1347 gold pieces.

Inventory:

Hand Weapons
 a - a +0 long sword (weapon)
 r - a +2 falchion of holy wrath
 A - the +8 mace of Nagot {vorpal, Int+5 SInv}
   (You found it on level 5 of the Dungeon)

   It inflicts extra damage upon your enemies.
   Int:       It affects your intelligence (+5).
   SInv:      It lets you see invisible.
 D - a +3 quarterstaff of chaos
Missiles
 d - 4 throwing nets
 e - 316 stones
 f - 5 boomerangs of dispersal
 k - 39 poisoned darts (quivered)
 l - 11 boomerangs
Armour
 c - a +1 robe of willpower
 q - a +2 ring mail of fire resistance (worn)
 x - the +3 helmet of Dejeoc (worn) {rN+}
   (You found it in a sewer)

   rN:        It protects you from negative energy.
 E - a +0 cloak (worn)
 G - a +2 kite shield
 H - +0 steam dragon scales
 I - a +0 troll leather armour
Jewellery
 h - a ring of positive energy (left hand)
 i - an amulet of regeneration (around neck)
 p - an amulet of reflection
 s - an amulet of reflection
 P - a ring of protection from fire
Wands
 N - a wand of digging (6)
Scrolls
 b - a scroll of enchant armour
 g - 8 scrolls of identify
 m - 4 scrolls of enchant weapon {unknown}
 v - 3 scrolls of immolation
 w - a scroll of teleportation {unknown}
 C - a scroll of fear {unknown}
 F - a scroll of torment {unknown}
 J - a scroll of noise {unknown}
 L - a scroll of vulnerability {unknown}
 M - a scroll of amnesia {unknown}
Potions
 n - a potion of cancellation {unknown}
 o - a potion of attraction
 t - a potion of might
 u - a potion of haste
 z - a potion of brilliance {unknown}
 B - a potion of resistance {unknown}
 K - a potion of magic {unknown}
 O - 2 potions of curing {unknown}
Miscellaneous
 j - a phantom mirror (inert)
 y - a condenser vane (inert)


   Skills:
 + Level 7.5 Fighting
 + Level 10.4 Long Blades
 + Level 2.5 Throwing
 + Level 6.6 Armour
 + Level 7.2 Dodging
 * Level 4.1 Shields
 + Level 0.4 Spellcasting
 + Level 1.3 Evocations


You couldn't memorise any spells.
You knew the following spells:

 Your Spells              Type           Power      Damage    Failure   Level
a - Corona                Hex            0%         N/A       50%         1
b - Ensorcelled Hibernat  Hex/Ice        0%         N/A       65%         2
c - Confusing Touch       Hex            0%         N/A       86%         3
d - Teleport Other        Tloc           0%         N/A       86%         3
e - Bolt of Magma         Conj/Fire/Erth 0%         4d4       100%        5
Your spell library was empty.


Dungeon Overview and Level Annotations

Branches:
Dungeon (9/15)             Temple (1/1) D:7            Lair (0/6) D:8
  Sewer (visited)
    Orc: D:9-12

Altars:
Ashenzari
Cheibriados
Dithmenos
Elyvilon
Fedhas
Gozag
Hepliaklqana
Kikubaaqudgha
Makhleb
Nemelex Xobeh
Okawaru
Qazlal
Ru
Sif Muna
Trog
Uskayaw
Vehumet
Wu Jian
Xom
Yredelemnul
Zin
The Shining One


Innate Abilities, Weirdness & Mutations

You are immune to sickness and miasma.
You are immune to poison.
Your flesh is very heat resistant. (rF++)
You are vulnerable to cold. (rC-)
You float through the air rather than walking.
You learn spells naturally, not from books.
Your magical power is your life essence.
You have superior vitality. (+4 HP)


Message History

The two-headed ogre hits you with a +0 giant spiked club!
You hit the two-headed ogre.
The two-headed ogre is heavily wounded.
You hit the two-headed ogre.
The two-headed ogre is severely wounded.
The two-headed ogre closely misses you.
The two-headed ogre hits you but does no damage.
You hit the two-headed ogre but do no damage.
The two-headed ogre is severely wounded.
You hit the two-headed ogre but do no damage.
The two-headed ogre is severely wounded.
The two-headed ogre hits you with a +0 dire flail!
* * * LOW HITPOINT WARNING * * *
The two-headed ogre hits you with a +0 giant spiked club!
* * * LOW HITPOINT WARNING * * *
Press: ? - help, v - describe, . - travel
Here: a two-headed ogre, wielding a +0 dire flail and a +0 giant spiked club (severely wounded)
The floor, spattered with blood.
Unknown command.
Okay, then.
Unknown command.
Okay, then.
Unknown command.
You slash the two-headed ogre!
The two-headed ogre is almost dead.
You hit the two-headed ogre.
You punch the two-headed ogre, but do no damage.
The two-headed ogre is almost dead.
The two-headed ogre misses you. The two-headed ogre barely misses you.
You hit the two-headed ogre.
The two-headed ogre is almost dead.
The two-headed ogre hits you but does no damage.
The two-headed ogre barely misses you.
You hit the two-headed ogre but do no damage.
The two-headed ogre is almost dead.
You hit the two-headed ogre but do no damage.
The two-headed ogre is almost dead.
You feel like a meek peon again.
The two-headed ogre hits you with a +0 dire flail!
You die...

####### ....... .......
....(.. ....... .......
######
.......###############.....
..$....'(O@............####
.......#################
...>... ....$.. #####+#


You could see a two-headed ogre.

Vanquished Creatures
  2 two-headed ogres
  Pikel (D:5)
  Maggie (D:8)
  A komodo dragon (D:8)
  A troll (D:7)
  Prince Ribbit (D:5)
  Sigmund (D:2)
  A shadow (D:7)
  A vampire (D:6)
  A yak (D:4)
  2 steam dragons
  Edmund (D:4)
  Duvessa (D:4)
  4 water moccasins
  2 orc warriors
  2 sky beasts
  2 ice beasts
  2 black bears (D:4)
  4 ogres
  2 necrophages
  A centaur (D:6)
  A phantom (D:7)
  A lemure (D:4)
  3 kobold brigands (Sewer)
  A wyvern zombie (D:7)
  A water moccasin zombie (D:5)
  A scorpion (D:4)
  A wyvern skeleton (D:7)
  Dowan (D:4)
  4 killer bees (D:4)
  2 howler monkeys
  A wight (D:4)
  2 electric eels (D:6)
  A bullfrog zombie (D:5)
  A centaur skeleton (D:6)
  2 hounds (D:5)
  3 orc priests
  Crazy Yiuf (D:5)
  3 orc wizards
  2 iguanas
  A killer bee zombie (D:8)
  A howler monkey zombie (D:8)
  3 gnolls
  5 river rats (Sewer)
  5 adders
  A shadow imp (D:6)
  2 white imps
  An adder skeleton (D:4)
  2 worms
  5 dart slugs
  24 orcs
  17 ball pythons
  3 bats (D:2)
  8 endoplasms
  5 giant cockroaches
  5 goblins
  16 hobgoblins
  17 kobolds
  8 quokkas
  7 frilled lizards
  23 rats
225 creatures vanquished.

Vanquished Creatures (collateral kills)
  Joseph (D:8)
1 creature vanquished.

Vanquished Creatures (others)
  An orc wizard (D:4)
  36 plants
37 creatures vanquished.

Grand Total: 263 creatures vanquished

Notes
Turn   | Place    | Note
-------+----------+-------------------------------------------
     0 | D:1      | CrazyMind the Djinni Gladiator began the quest for the Orb.
     0 | D:1      | Reached XP level 1. HP: 18/18 MP: 0/0
   108 | D:1      | Reached XP level 2. HP: 23/23 MP: 0/0
   114 | D:1      | Found a faded altar of an unknown god.
   161 | D:1      | Reached skill level 3 in Long Blades
   523 | D:1      | Reached XP level 3. HP: 28/28 MP: 0/0
   523 | D:1      | Learned a level 1 spell: Corona
  1150 | D:2      | Reached XP level 4. HP: 34/34 MP: 0/0
  1213 | D:2      | Noticed Sigmund
  1793 | D:3      | Reached skill level 1 in Armour
  1867 | D:3      | Noticed a necrophage
  1885 | D:3      | Killed a necrophage
  1886 | D:3      | Reached skill level 4 in Long Blades
  1886 | D:3      | Reached XP level 5. HP: 39/39 MP: 0/0
  1886 | D:3      | Learned a level 2 spell: Ensorcelled Hibernation
  2208 | D:3      | Reached XP level 6. HP: 45/45 MP: 0/0
  2852 | D:4      | Noticed Edmund
  2981 | D:4      | Reached skill level 5 in Long Blades
  2981 | D:4      | Reached XP level 7. HP: 50/50 MP: 0/0
  2981 | D:4      | Learned a level 3 spell: Confusing Touch
  3230 | D:4      | Reached XP level 8. HP: 58/58 MP: 0/0
  3270 | D:4      | Reached skill level 6 in Long Blades
  3270 | D:4      | Reached skill level 5 in Dodging
  3371 | D:4      | Noticed Dowan
  3548 | D:5      | Entered Level 5 of the Dungeon
  3549 | D:5      | Identified a scroll of acquirement
  3621 | D:5      | Noticed Pikel
  3746 | D:5      | Found a glowing drain.
  3763 | Sewer    | Entered a sewer
  3933 | Sewer    | Reached skill level 7 in Long Blades
  3933 | Sewer    | Reached XP level 9. HP: 60/63 MP: 0/0
  3933 | Sewer    | Learned a level 3 spell: Teleport Other
  4171 | Sewer    | Identified the +3 helmet of Dejeoc {rN+}
  4513 | D:5      | Noticed Prince Ribbit
  4579 | D:2      | Killed Sigmund
  4681 | D:4      | Killed Edmund
  4682 | D:4      | Reached skill level 5 in Fighting
  4700 | D:4      | Found a large runed translucent door.
  4700 | D:4      | Found a large runed translucent door.
  4702 | D:4      | Noticed a two-headed ogre
  4705 | D:4      | Noticed Duvessa
  4711 | D:4      | Killed Dowan
  4730 | D:4      | Killed Duvessa
  4807 | D:4      | Acquired 1026 gold pieces
  4837 | D:4      | Reached skill level 8 in Long Blades
  4903 | D:4      | Found a large runed translucent door.
  4903 | D:4      | Found a large runed translucent door.
  4933 | D:4      | Reached skill level 5 in Armour
  5142 | D:5      | Identified the +8 mace of Nagot {vorpal, Int+5 SInv}
  5150 | D:5      | Found a runed translucent door.
  5151 | D:5      | Noticed Crazy Yiuf
  5195 | D:5      | Killed Prince Ribbit
  5739 | D:5      | Killed Pikel
  5740 | D:5      | Reached skill level 9 in Long Blades
  5740 | D:5      | Reached skill level 1 in Evocations
  5740 | D:5      | Reached XP level 10. HP: 67/72 MP: 0/0
  5783 | D:5      | Killed Crazy Yiuf
  6077 | D:6      | Reached skill level 1 in Shields
  6164 | D:6      | Found a snail-covered altar of Cheibriados.
  7566 | D:7      | Found a staircase to the Ecumenical Temple.
  7662 | D:8      | Noticed Joseph
  7678 | Temple   | Entered the Ecumenical Temple
  7833 | Temple   | Became a worshipper of Warmaster Okawaru
  7881 | D:8      | Killed Joseph
  7960 | D:8      | Noticed a komodo dragon
  7974 | D:8      | Killed a komodo dragon
  7983 | D:8      | Found a staircase to the Lair.
  8059 | D:8      | Reached XP level 11. HP: 73/79 MP: 0/0
  8059 | D:8      | Learned a level 5 spell: Bolt of Magma
  8118 | D:8      | Noticed Maggie
  8139 | D:8      | Killed Maggie
  8139 | D:8      | Reached * piety under Okawaru
  8140 | D:8      | Reached skill level 10 in Long Blades
  8272 | D:8      | Noticed a two-headed ogre
  8285 | D:8      | Killed a two-headed ogre
  8516 | D:4      | Killed a two-headed ogre
  8516 | D:4      | Reached ** piety under Okawaru
  9041 | D:9      | Noticed a two-headed ogre
  9065 | D:9      | Slain by a two-headed ogre

Illustrated notes

Levels and vault maps discovered:
D:1:      lightli_arrival_statue_moat, layout_basic, basic_ecumenical_altar,
          minmay_misc_feat_chi, minmay_lizard_king
D:2:      layout_basic, uniq_sigmund
D:3:      layout_rooms, roderic_serpentine_path
D:4:      layout_loops_ring, minmay_hollow_rounded_squares, uniq_edmund,
          uniq_duvessa
D:5:      layout_basic, portal_sewer_entry_a, grunt_decor_clamped,
          minmay_checkerbox, uniq_pikel, uniq_prince_ribbit1,
          uniq_crazy_yiuf_cottage
D:6:      layout_loops_ring, cheibrodos_worm_habitat, small_statue_alley_b,
          minmay_liquid_box, serial_bayou_lake_a
D:7:      layout_loops_ring, minmay_temple_entry_from_below_a,
          columned_hall_lemuel
D:8:      layout_loops_cross, david_lair_shrubbed, uniq_maggie, uniq_joseph
D:9:      layout_roguey, amethyst_killhole, kennysheep_minor_cross
Temple:   kilobyte_greek_temple

Skill      XL: |  1  2  3  4  5  6  7  8  9 10 11 |
---------------+----------------------------------+-----
Long Blades    | 3 4 5 7 9 10 | 10.4
Armour         | 1 2 3 4 5 6 |  6.6
Dodging        | 4 5 6 7 |  7.2
Fighting       | 3 4 5 7 |  7.5
Throwing       | 2 |  2.5
Evocations     | 1 |  1.3
Shields        | 3 4 |  4.1
Spellcasting   | |  0.4

Action                   |  1- 3 |  4- 6 |  7- 9 | 10-12 || total
-------------------------+-------+-------+-------+-------++-------
Melee: Long sword        |    83 |   182 |   409 |   373 ||  1047
       Mace              |       |       |       |     6 ||     6
       Punch             |       |       |       |     1 ||     1
Throw: Stone             |       |     6 |     2 |       ||     8
       Boomerang         |       |       |    14 |       ||    14
       Dart              |       |       |     7 |    13 ||    20
 Cast: Corona            |       |       |     1 |       ||     1
Invok: Heroism           |       |       |       |     1 ||     1
Evoke: Wand              |       |       |    10 |     1 ||    11
       Phantom mirror    |       |       |       |     1 ||     1
       Condenser vane    |       |       |       |     1 ||     1
  Use: Potion            |       |     6 |     5 |     2 ||    13
       Scroll            |       |       |     5 |       ||     5
 Stab: Sleeping          |     1 |       |       |       ||     1
       Confused          |       |       |       |     1 ||     1
Armor: Leather armour    |    24 |    27 |       |       ||    51
       Skin              |       |    13 |     5 |       ||    18
       Ring mail         |       |    31 |   172 |   131 ||   334
Dodge: Dodged            |    53 |   110 |   303 |   247 ||   713
       Rpst.: Long sword |    11 |    33 |    91 |    57 ||   192
